 Dungeon Sprint DCSS version 0.29-a0-284-gf9362112df (webtiles) character file.

Game seed: 10075511594274697972

206119 mhtbhm the Conqueror (level 17, -1/174 HPs)
             Began as a Human Berserker on Mar 19, 2022.
             Was the Champion of Trog.
             Slain by a quicksilver ooze (10 damage)
             ... created by the Royal Jelly
             ... in the Dungeon (Sprint III: "The Ten Rune Challenge").
             The game lasted 00:34:43 (13266 turns).

mhtbhm the Conqueror (Human Berserker)             Turns: 13266, Time: 00:34:43

Health: -1/174     AC: 31    Str: 31    XL:     17   Next: 96%
Magic:  15/15      EV: 12    Int: 15    God:    Trog [******]
Gold:   2001       SH: 23    Dex: 13    Spells: 16/16 levels left

rFire   + + +      SeeInvis +   y - +17 lance "Wyrmbane" {slay drac, rPois rF+ rC+ AC+3}
rCold   + . .      Faith    .   c - +3 tower shield {reflect}
rNeg    . . .      Spirit   .   J - +0 gold dragon scales of the Alphagorgon {rPois rF+ rC+ Str+4 Int+3}
rPois   +          Reflect  +   (no helmet)
rElec   +          Harm     .   K - +2 cloak {Will+}
rCorr   +          Rampage  .   E - +1 pair of gloves of Nifyijo {rF+ rC- rCorr Int+4}
Will    ++...      Rage     1%  q - +0 pair of boots
Stlth   .......... NoTele   +   z - amulet of regeneration
HPRegen 1.19/turn               I - ring of the Six Muttering Lies {rElec Slay+3 SInv}
MPRegen 0.14/turn               u - ring of flight

@: engulfed (cannot breathe), corroded, on berserk cooldown, flying, slowed,
studying 2 skills, very slow
A: berserk 1, low MP 1, poison resistance, electricity resistance, strong 1
}: 4/10 runes: serpentine, barnacled, silver, demonic
a: Renounce Religion, Berserk, Trog's Hand, Brothers in Arms


You were in the Dungeon.
You worshipped Trog.
Trog was exalted by your worship.
You visited 1 branch You collected 3822 gold pieces.
You spent 1821 gold pieces at shops.

Inventory:

Hand Weapons
 a - a +7 antimagic battleaxe
 y - the +17 lance "Wyrmbane" (weapon) {slay drac, rPois rF+ rC+ AC+3}
   (You found it in the Dungeon)

   It inflicts extra damage against dragons and draconians.
   AC:        It affects your AC (+3).
   rF:        It protects you from fire.
   rC:        It protects you from cold.
   rPois:     It protects you from poison.
 B - the +11 executioner's axe "Ytihasmo" {venom, *Noise SInv Stlth+}
   (You found it in the Dungeon)

   It poisons the flesh of those it strikes.
   SInv:      It lets you see invisible.
   *Noise:    It may make noises in combat.
   Stlth:     It makes you more stealthy.
 G - the +12 battleaxe of Sudden Death {vorpal, *Rage rC+ Str+8 Stlth+}
   (Trog gifted it to you in the Dungeon)

   It inflicts extra damage upon your enemies.
   Str:       It affects your strength (+8).
   rC:        It protects you from cold.
   *Rage:     It berserks you when you make melee attacks (+20% chance).
   Stlth:     It makes you more stealthy.
Missiles
 d - 7 curare-tipped darts (quivered)
 t - 2 silver javelins
 F - a throwing net
Armour
 c - a +3 tower shield of reflection (worn)
 q - a +0 pair of boots (worn)
 s - the +0 pair of gloves "Guqiy" {Contam Will+ Int+4 Slay+2}
   (You bought it in a shop in the Dungeon)

   Int:       It affects your intelligence (+4).
   Slay:      It affects your accuracy & damage with ranged weapons and melee
   (+2).
   Contam:    It causes magical contamination when unequipped.
   Will:      It increases your willpower.
 E - the +1 pair of gloves of Nifyijo (worn) {rF+ rC- rCorr Int+4}
   (You found it in the Dungeon)

   Int:       It affects your intelligence (+4).
   rF:        It protects you from fire.
   rC:        It makes you vulnerable to cold.
   rCorr:     It protects you from acid and corrosion.
 J - the +0 gold dragon scales of the Alphagorgon (worn) {rPois rF+ rC+ Str+4 Int+3}
   (You acquired it in the Dungeon)

   Str:       It affects your strength (+4).
   Int:       It affects your intelligence (+3).
   rF:        It protects you from fire.
   rC:        It protects you from cold.
   rPois:     It protects you from poison.
 K - a +2 cloak of willpower (worn)
Jewellery
 h - the amulet "Qiaddunge" {Reflect rElec rPois rF- SH+5}
   (You found it in the Dungeon)

   [amulet of reflection]

   It reflects blocked missile attacks.
   rF:        It makes you vulnerable to fire.
   rElec:     It insulates you from electricity.
   rPois:     It protects you from poison.
   SH:        It affects your SH (+5).
 u - a ring of flight (right hand)
 z - an amulet of regeneration (around neck)
 A - a ring of protection from fire
 I - the ring of the Six Muttering Lies (left hand) {rElec Slay+3 SInv}
   (You acquired it in the Dungeon)

   [ring of see invisible]

   Slay:      It affects your accuracy & damage with ranged weapons and melee
   (+3).
   rElec:     It insulates you from electricity.
   SInv:      It lets you see invisible.
 V - the ring "Xieti" {Will+++ AC+4 Int+2 Dex+3 Stlth-}
   (You found it in the Dungeon)

   [ring of protection]

   AC:        It affects your AC (+4).
   Int:       It affects your intelligence (+2).
   Dex:       It affects your dexterity (+3).
   Will:      It greatly increases your willpower.
   Stlth:     It makes you less stealthy.
Wands
 p - a wand of acid (11)
 x - a wand of charming (9)
 L - a wand of mindburst (35)
 M - a wand of iceblast (6)
Scrolls
 i - a scroll of immolation
 j - a scroll of summoning
 l - a scroll of holy word
 m - a scroll of brand weapon
 D - 6 scrolls of identify
 H - a scroll of enchant weapon
 Q - 2 scrolls of silence
 T - a scroll of blinking
Potions
 b - 2 potions of resistance
 e - 2 potions of haste
 f - 2 potions of magic
 g - 2 potions of berserk rage
 k - 6 potions of might
 n - 7 potions of flight
 o - 2 potions of mutation
 v - 6 potions of curing
 w - a potion of heal wounds
 C - 3 potions of attraction
Miscellaneous
 r - a phantom mirror
 W - a tin of tremorstones (2/2)
 Z - a lightning rod (4/4)


   Skills:
 O Level 27 Fighting
 - Level 19.1(25.1) Axes
 - Level 26.7(27) Polearms
 * Level 26.6 Armour
 + Level 13.3 Dodging
 - Level 7.3 Stealth
 * Level 18.7 Shields
 + Level 4.4 Evocations


You had 16 spell levels left.
You didn't know any spells.
Your spell library was empty.

Dungeon Overview and Level Annotations

Branches:
Dungeon (1/1)

Altars:
Cheibriados
Dithmenos
Elyvilon
Fedhas
Gozag
Hepliaklqana
Kikubaaqudgha
Makhleb
Nemelex Xobeh
Okawaru
Qazlal
Ru
Sif Muna
Trog
Uskayaw
Vehumet
Wu Jian
Xom
Yredelemnul
Zin
The Shining One
Beogh
Jiyva
Lugonu

Shops:
D :?((!=(![![!!(((==(?=:[


Innate Abilities, Weirdness & Mutations

You tend to lose your temper in combat.
Your magical capacity is low. (-10% MP)
Your system is resistant to poisons. (rPois)
You are resistant to electric shocks. (rElec)
Your muscles are strong. (Str +2)


Message History

The azure jelly hits you.
* * * LOW HITPOINT WARNING * * *
The azure jelly freezes you!! You resist.
* * * LOW HITPOINT WARNING * * *
The azure jelly closely misses you. You block the azure jelly's attack.
The quicksilver ooze is engulfed in blazing flames.
The acid blob is engulfed in blazing flames.
You slip free of the ooze engulfing you.
* * * LOW HITPOINT WARNING * * *
Your lungs strain for air!
You block the quicksilver ooze's attack. x2
The acid blob is engulfed in blazing flames.
The quicksilver ooze is engulfed in blazing flames.
You feel the power of Trog in you as your rage grows.
You kill the quicksilver ooze!
That felt strangely unrewarding.
You slip free of the ooze engulfing you.
The quicksilver ooze attacks as you move away!
You block the quicksilver ooze's attack.
The quicksilver ooze misses you.
You feel a strong urge to attack something.
You gasp with relief as air once again reaches your lungs.
The quicksilver ooze hits you. The quicksilver ooze engulfs you!
You block the quicksilver ooze's attack.
You slip free of the ooze engulfing you.
The quicksilver ooze attacks as you move away!
You block the quicksilver ooze's attack.
The quicksilver ooze closely misses you.
You gasp with relief as air once again reaches your lungs.
Unknown command.
The quicksilver ooze attacks as you move away!
You block the quicksilver ooze's attack. x2
You feel your anger nearly subside.
You are no longer berserk.
You are exhausted.
You feel yourself slow down. The quicksilver ooze hits you.
The quicksilver ooze engulfs you! The quicksilver ooze barely misses you.
The quicksilver ooze hits you.
* * * LOW HITPOINT WARNING * * *
The quicksilver ooze hits you!
You die...

▓...#≈P.......)..♣ ♣..
▓...'≈≈...########♣♣ ♣♣.
▓...#≈≈≈..)......PP♣ ♣♣.
▓.).#≈≈≈≈P...P....P♣ ♣.)
#'#############)########
##.###### ▓(÷≈≈≈≈≈≈≈
##.#...### ▓≈≈≈≈≈≈≈≈≈
##...J...## ▓≈≈≈..≈≈≈≈
##..J.J@...# ▓≈≈....≈≈≈
#..JJ###....# ▓≈≈≈..≈≈≈≈
#..J##[##...# ▓≈≈≈≈≈≈≈≈≈
##.J#[φ!#..## ▓≈≈≈≈≈≈≈≈≈
#..J##"##...# ▓).≈≈≈≈≈≈≈
#...J###....# ▓...≈≈≈≈≈≈
##.........## ▓....≈≈≈≈≈
##.......## ▓...≈≈≈≈≈≈
###./.### ▓.≈≈≈≈≈≈≈≈


You could see 2 acid blobs, an azure jelly, a rockslime and 5 quicksilver oozes.

Vanquished Creatures
  the Royal Jelly (D)
  Mara (D)
  Boris (D)
  Frederick (D)
  3 bone dragons (D)
  Nellie (D)
  A lich (D)
  4 deep elf blademasters (D)
  A titan (D)
  A deep elf master archer (D)
  8 acid blobs (D)
  A quicksilver dragon (D)
  An Executioner (D)
  Chuck (D)
  Polyphemus (D)
  3 shadow dragons (D)
  2 sphinxes (D)
  Gastronok (D)
  An ancient champion (D)
  Roxanne (D)
  A storm dragon (D)
  Dowan (D)
  A rockslime (D)
  A nagaraja (D)
  Ilsuiw (D)
  3 fire giants (D)
  6 azure jellies (D)
  4 quicksilver oozes (D)
  4 vampire knights (D)
  A deep elf demonologist (D)
  Nessos (D)
  3 deep elf annihilators (D)
  2 dire elephants (D)
  Azrael (D)
  A yellow draconian (D)
  A deep elf death mage (D)
  Snorg (D)
  A merfolk javelineer (D)
  A mummy priest (D)
  A fire dragon (D)
  A naga warrior (D)
  16 vault guards (D)
  2 hydras (D)
  2 hell beasts (D)
  An ogre mage (D)
  3 yaktaur captains (D)
  5 anacondas (D)
  A two-headed ogre (shapeshifter) (D)
  4 dancing weapons (D)
  3 centaur warriors (D)
  4 death yaks (D)
  2 soul eaters (D)
  Urug (D)
  2 sun demons (D)
  4 deep elf knights (D)
  A shadow wraith (D)
  A death drake (D)
  A sea snake (D)
  A golden dragon zombie (D)
  7 skeletal warriors (D)
  A spriggan druid (D)
  A spectral iron dragon (D)
  A glowing orange brain (D)
  2 anaconda zombies (D)
  2 obsidian statues (D)
  A lindwurm (D)
  3 deep elf zephyrmancers (D)
  4 ugly things (D)
  2 deep elf pyromancers (D)
  An orc knight (D)
  3 shining eyes (D)
  4 crystal guardians (D)
  2 oklob plants (D)
  A guardian serpent (D)
  A stone giant skeleton (D)
  A molten gargoyle (D)
  3 black mambas (D)
  2 elephants (D)
  4 statues (D)
  2 iron troll simulacra (D)
  A water nymph (shapeshifter) (D)
  Duvessa (D)
  2 cane toads (D)
  A komodo dragon (D)
  5 yaktaurs (D)
  A rime drake (D)
  An unseen horror (D)
  A yaktaur (shapeshifter) (D)
  A queen bee (D)
  2 ice devils (D)
  4 spriggan defenders (D)
  8 guardian mummies (D)
  2 tyrant leeches (D)
  3 orc high priests (D)
  A tyrant leech (shapeshifter) (D)
  3 hornets (D)
  11 slime creatures (D)
  3 dream sheep (D)
  8 blink frogs (D)
  A dream sheep (shapeshifter) (D)
  2 spriggans (D)
  A shadow (D)
  A golden eye (D)
  3 redbacks (D)
  A spatial vortex (D)
  2 nagas (D)
  2 water moccasins (D)
  An orc warrior (D)
  4 floating eyes (D)
  A hydra simulacrum (D)
  A swamp drake (D)
  2 centaurs (D)
  An earth elemental (D)
  A water elemental (D)
  A necrophage (D)
  32 killer bees (D)
  2 electric eels (D)
  4 orc priests (D)
  A jelly (D)
  Jessica (D)
  A wizard (D)
  3 necromancers (D)
  3 orc wizards (D)
  A wolf simulacrum (D)
  3 polar bear simulacra (D)
  3 humans (D)
  A kobold demonologist (D)
  6 adders (D)
  A phantom (D)
  3 wandering mushrooms (D)
  11 orcs (D)
  A ball python zombie (D)
  2 jackal zombies (D)
  A quokka zombie (D)
  3 rats (D)
341 creatures vanquished.

Vanquished Creatures (collateral kills)
  A titan (D)
  2 deep elf blademasters (D)
  Rupert (D)
  A frost giant (D)
  A vault guard (D)
  A deep elf high priest (D)
7 creatures vanquished.

Vanquished Creatures (others)
  Nikola (D)
  An electric eel (D)
  5 ball lightnings (D)
  3 ballistomycete spores (D)
  A bush (D)
  37 plants (D)
48 creatures vanquished.

Grand Total: 396 creatures vanquished

Notes
Turn   | Place    | Note
-------+----------+-------------------------------------------
     0 | D        | mhtbhm the Human Berserker began the quest for the Orb.
     0 | D        | Reached XP level 1. HP: 18/18 MP: 1/1
    34 | D        | Reached ** piety under Trog
    50 | D        | Noticed Jessica
    54 | D        | Killed Jessica
    55 | D        | Reached skill level 4 in Fighting
    55 | D        | Reached XP level 2. HP: 26/26 MP: 2/2
    55 | D        | Reached XP level 3. HP: 31/31 MP: 3/3
   115 | D        | Reached skill level 5 in Fighting
   115 | D        | Reached skill level 5 in Axes
   115 | D        | Reached XP level 4. HP: 39/39 MP: 4/4
   140 | D        | Gained mutation: Your spells are a little harder to cast,
                  | but a little more powerful. [potion of mutation]
   140 | D        | Gained mutation: You sometimes lose the ability to read
                  | scrolls when taking damage. [potion of mutation]
   140 | D        | Gained mutation: You possess an exceptional clarity of
                  | mind. [potion of mutation]
   145 | D        | Lost mutation: You sometimes lose the ability to read
                  | scrolls when taking damage. [potion of mutation]
   145 | D        | Lost mutation: Your spells are a little harder to cast, but
                  | a little more powerful. [potion of mutation]
   145 | D        | Gained mutation: You have sharp toenails. [potion of
                  | mutation]
   145 | D        | Gained mutation: You passively map a small area around you.
                  | [potion of mutation]
   145 | D        | Gained mutation: You are covered in fur. (AC +1) [potion of
                  | mutation]
   156 | D        | Noticed a water elemental
   159 | D        | Killed a water elemental
   159 | D        | Reached *** piety under Trog
   160 | D        | Reached skill level 6 in Fighting
   160 | D        | Reached XP level 5. HP: 47/47 MP: 5/5
   220 | D        | Found a basalt altar of Yredelemnul.
   220 | D        | Found a shadowy altar of Dithmenos.
   220 | D        | Found a sacrificial altar of Ru.
   234 | D        | Reached skill level 7 in Fighting
   234 | D        | Reached XP level 6. HP: 40/55 MP: 6/6
   316 | D        | Found a hide-covered altar of Uskayaw.
   316 | D        | Found an iron altar of Okawaru.
   316 | D        | Found a bloodstained altar of Trog.
   316 | D        | Found an ornate altar of the Wu Jian Council.
   316 | D        | Noticed a human
   317 | D        | Noticed a human
   323 | D        | Killed a human
   324 | D        | Reached skill level 8 in Fighting
   324 | D        | Reached skill level 5 in Dodging
   324 | D        | Reached skill level 1 in Stealth
   324 | D        | Killed a human
   324 | D        | Reached **** piety under Trog
   325 | D        | Reached skill level 9 in Fighting
   325 | D        | Reached skill level 10 in Axes
   325 | D        | Reached XP level 7. HP: 64/64 MP: 7/7
   396 | D        | Found a radiant altar of Vehumet.
   396 | D        | Found a shimmering blue altar of Sif Muna.
   396 | D        | Found an ancient bone altar of Kikubaaqudgha.
   408 | D        | Reached skill level 5 in Armour
   474 | D        | Found a glowing silver altar of Zin.
   474 | D        | Found a glowing golden altar of the Shining One.
   474 | D        | Found a white marble altar of Elyvilon.
   475 | D        | Noticed a deep elf pyromancer
   481 | D        | Killed a deep elf pyromancer
   481 | D        | Reached ***** piety under Trog
   482 | D        | Reached skill level 10 in Fighting
   482 | D        | Reached XP level 8. HP: 73/73 MP: 8/8
   673 | D        | Noticed a shadow
   685 | D        | Killed a shadow
   685 | D        | Received a gift from Trog
   897 | D        | Found a blossoming altar of Fedhas.
   897 | D        | Found a stormy altar of Qazlal.
   897 | D        | Found a snail-covered altar of Cheibriados.
   897 | D        | Found a burning altar of Makhleb.
   897 | D        | Found a shimmering altar of Xom.
   898 | D        | Found a hazy altar of Hepliaklqana.
   898 | D        | Found an opulent altar of Gozag.
   898 | D        | Found a sparkling altar of Nemelex Xobeh.
   898 | D        | Found a corrupted altar of Lugonu.
   898 | D        | Found a viscous altar of Jiyva.
  1023 | D        | Noticed Snorg
  1038 | D        | Killed Snorg
  1039 | D        | Reached skill level 11 in Fighting
  1039 | D        | Reached XP level 9. HP: 66/82 MP: 9/9
  1407 | D        | Noticed a centaur warrior
  1423 | D        | Killed a centaur warrior
  1424 | D        | Reached skill level 12 in Fighting
  1424 | D        | Reached skill level 5 in Stealth
  1634 | D        | Killed an unseen horror
  1635 | D        | Reached XP level 10. HP: 15/91 MP: 10/10
  2365 | D        | Received a gift from Trog
  2505 | D        | Noticed a cane toad
  2505 | D        | Noticed a komodo dragon
  2505 | D        | Noticed a cane toad
  2510 | D        | Killed a cane toad
  2511 | D        | Reached skill level 13 in Fighting
  2511 | D        | Reached skill level 15 in Axes
  2517 | D        | Killed a cane toad
  2526 | D        | Killed a komodo dragon
  3164 | D        | Received a gift from Trog
  3443 | D        | Noticed a lindwurm
  3448 | D        | Killed a lindwurm
  3449 | D        | Reached skill level 14 in Fighting
  3449 | D        | Reached skill level 10 in Dodging
  3745 | D        | Noticed Urug
  3752 | D        | Killed Urug
  3753 | D        | Reached XP level 11. HP: 101/101 MP: 3/11
  3937 | D        | Found Xiagone's Weapon Shop.
  3940 | D        | Received a gift from Trog
  3947 | D        | Reached ****** piety under Trog
  3947 | D        | Received a gift from Trog
  3950 | D        | Reached skill level 1 in Evocations
  4100 | D        | Noticed a deep elf zephyrmancer
  4100 | D        | Noticed a deep elf zephyrmancer
  4100 | D        | Noticed a deep elf pyromancer
  4100 | D        | Noticed a deep elf zephyrmancer
  4100 | D        | Noticed a deep elf knight
  4110 | D        | Noticed a deep elf annihilator
  4113 | D        | Killed a deep elf knight
  4114 | D        | Killed a deep elf zephyrmancer
  4114 | D        | Received a gift from Trog
  4115 | D        | Reached skill level 15 in Fighting
  4117 | D        | Killed a deep elf pyromancer
  4118 | D        | Killed a deep elf zephyrmancer
  4121 | D        | Killed a deep elf zephyrmancer
  4258 | D        | Noticed Dowan
  4258 | D        | Noticed Duvessa
  4270 | D        | Killed Duvessa
  4270 | D        | Received a gift from Trog
  4279 | D        | Killed Dowan
  4427 | D        | Reached skill level 16 in Fighting
  4702 | D        | Noticed an obsidian statue
  4711 | D        | Killed an obsidian statue
  4724 | D        | Found Cusyath's Jewellery Emporium.
  4724 | D        | Found Berug's Antique Weapon Shop.
  4724 | D        | Found Pizawn's Antique Weapon Boutique.
  4724 | D        | Found Mifeiwk's Antique Armour Shoppe.
  4724 | D        | Found Addyge's Antique Weapon Boutique.
  4724 | D        | Found Fing's Jewellery Emporium.
  4724 | D        | Found Nuevadgh's Weapon Shoppe.
  4724 | D        | Found Nucas's Book Shop.
  4724 | D        | Found Ragrahut's Distillery.
  4724 | D        | Found Giraire's Jewellery Emporium.
  4724 | D        | Found Utiwn's Magic Scroll Boutique.
  4754 | D        | Bought a pair of brightly glowing gloves for 218 gold
                  | pieces
  4754 | D        | Identified the +0 pair of gloves "Guqiy" {Contam Will+
                  | Int+4 Slay+2} (You bought it in a shop in the Dungeon)
  4771 | D        | Bought a scroll of blinking for 90 gold pieces
  4774 | D        | Bought a ring of poison resistance for 200 gold pieces
  4779 | D        | Bought a ring of flight for 175 gold pieces
  4785 | D        | Bought a potion of curing for 42 gold pieces
  4785 | D        | Bought a potion of heal wounds for 70 gold pieces
  4867 | D        | Reached XP level 12. HP: 111/111 MP: 4/12
  4873 | D        | Received a gift from Trog
  4992 | D        | Found the +8 lance "Wyrmbane" {slay drac, rPois rF+ rC+
                  | AC+3}
  5021 | D        | Reached skill level 1 in Polearms
  5043 | D        | Noticed a centaur warrior
  5051 | D        | Killed a centaur warrior
  5154 | D        | Noticed a two-headed ogre
  5155 | D        | Noticed a fire dragon
  5161 | D        | Killed a two-headed ogre
  5162 | D        | Reached skill level 17 in Fighting
  5166 | D        | Killed a fire dragon
  5227 | D        | Noticed a +7 hand axe of freezing
  5227 | D        | Noticed a +3 long sword of holy wrath
  5227 | D        | Noticed a +2 dire flail of protection
  5227 | D        | Noticed a +3 long sword of holy wrath
  5233 | D        | Killed a +3 long sword of holy wrath
  5234 | D        | Reached skill level 5 in Polearms
  5239 | D        | Killed a +7 hand axe of freezing
  5239 | D        | Received a gift from Trog
  5289 | D        | Killed a +2 dire flail of protection
  5326 | D        | Killed a +3 long sword of holy wrath
  5332 | D        | Identified the +11 executioner's axe "Ytihasmo" {venom,
                  | *Noise SInv Stlth+}
  5371 | D        | Received a gift from Trog
  5372 | D        | Reached skill level 18 in Fighting
  5401 | D        | Noticed a yaktaur captain
  5457 | D        | Killed a yaktaur captain
  5458 | D        | Reached skill level 10 in Armour
  5502 | D        | Noticed Chuck
  5522 | D        | Killed Chuck
  5523 | D        | Reached XP level 13. HP: 123/123 MP: 11/13
  5530 | D        | Identified the +1 pair of gloves of Nifyijo {rF+ rC- rCorr
                  | Int+4}
  5609 | D        | Identified the +2 broad axe of Qickawk {vorpal, Contam
                  | +Blink rN+++ Stlth-} (Trog gifted it to you in the Dungeon)
  5609 | D        | Received a gift from Trog
  5610 | D        | Reached skill level 10 in Polearms
  5635 | D        | Noticed a bone dragon
  5651 | D        | Killed a bone dragon
  5693 | D        | Noticed a bone dragon
  5709 | D        | Killed a bone dragon
  5769 | D        | Received a gift from Trog
  5773 | D        | Noticed a bone dragon
  5788 | D        | Killed a bone dragon
  6067 | D        | Noticed a vampire knight
  6075 | D        | Killed a vampire knight
  6075 | D        | Received a gift from Trog
  6076 | D        | Reached skill level 19 in Fighting
  6210 | D        | Noticed a vampire knight
  6232 | D        | Killed a vampire knight
  6233 | D        | Reached skill level 15 in Polearms
  6412 | D        | Noticed a sphinx
  6412 | D        | Noticed a sphinx
  6435 | D        | Paralysed by a sphinx for 2 turns
  6438 | D        | Killed a sphinx
  6438 | D        | Identified the +12 battleaxe of Sudden Death {vorpal, *Rage
                  | rC+ Str+8 Stlth+} (Trog gifted it to you in the Dungeon)
  6438 | D        | Received a gift from Trog
  6445 | D        | Killed a sphinx
  6628 | D        | Reached XP level 14. HP: 133/133 MP: 14/14
  6932 | D        | Noticed Azrael
  6941 | D        | Killed Azrael
  6941 | D        | Received a gift from Trog
  7006 | D        | Acquired the ring of the Six Muttering Lies {rElec Slay+3
                  | SInv}
  7011 | D        | Acquired the +0 gold dragon scales of the Alphagorgon
                  | {rPois rF+ rC+ Str+4 Int+3}
  7081 | D        | Reached skill level 20 in Fighting
  7157 | D        | Noticed a dire elephant
  7157 | D        | Noticed a dire elephant
  7157 | D        | Noticed Gastronok
  7174 | D        | Killed a dire elephant
  7182 | D        | Killed a dire elephant
  7194 | D        | Killed Gastronok
  7229 | D        | Noticed an azure jelly
  7229 | D        | Noticed an azure jelly
  7229 | D        | Noticed an azure jelly
  7230 | D        | Noticed an azure jelly
  7233 | D        | Noticed Rupert
  7241 | D        | Killed Rupert
  7346 | D        | Received a gift from Trog
  7374 | D        | Reached skill level 21 in Fighting
  7390 | D        | Received a gift from Trog
  7404 | D        | Killed an azure jelly
  7409 | D        | Killed an azure jelly
  7413 | D        | Killed an azure jelly
  7417 | D        | Killed an azure jelly
  7567 | D        | Noticed Polyphemus
  7596 | D        | Killed Polyphemus
  7596 | D        | Received a gift from Trog
  7637 | D        | Noticed Ilsuiw
  7651 | D        | Killed Ilsuiw
  7761 | D        | Got a barnacled rune of Zot
  7765 | D        | Found Riacisota's Antique Weapon Emporium.
  7765 | D        | Found Fuas's Magic Scroll Boutique.
  7765 | D        | Found Damm's Book Shoppe.
  7813 | D        | Reached XP level 15. HP: 145/146 MP: 15/15
  7821 | D        | Bought a scroll of enchant armour for 90 gold pieces
  7821 | D        | Bought a scroll of blinking for 90 gold pieces
  7920 | D        | Received a gift from Trog
  7921 | D        | Reached skill level 22 in Fighting
  8184 | D        | Received a gift from Trog
  8246 | D        | Noticed a nagaraja
  8249 | D        | Found Wuegili's Antique Weapon Shop.
  8249 | D        | Found Tuusor's Distillery.
  8252 | D        | Received a gift from Trog
  8263 | D        | Killed a nagaraja
  8264 | D        | Reached skill level 15 in Armour
  8267 | D        | Found Usmiw's Jewellery Boutique.
  8299 | D        | Bought a potion of curing for 36 gold pieces
  8299 | D        | Bought a potion of curing for 36 gold pieces
  8299 | D        | Bought a potion of might for 48 gold pieces
  8299 | D        | Bought 2 potions of might for 96 gold pieces
  8299 | D        | Bought a potion of might for 48 gold pieces
  8315 | D        | Got a serpentine rune of Zot
  8420 | D        | Received a gift from Trog
  8437 | D        | Received a gift from Trog
  8454 | D        | Received a gift from Trog
  8473 | D        | Received a gift from Trog
  8554 | D        | Identified the +2 robe of Hide-and-Seek {*Corrode rF+ rN+}
  8555 | D        | Identified the +5 plate armour of Derotrigg {rF+}
  8592 | D        | Noticed a deep elf master archer
  8884 | D        | Received a gift from Trog
  8906 | D        | Found Tonitsax's Armour Emporium.
  8906 | D        | Found Bafong's Armour Shop.
  8906 | D        | Found Vapno's Distillery.
  8906 | D        | Found Usooxt's Distillery.
  8939 | D        | Bought a +2 cloak of willpower for 301 gold pieces
  8950 | D        | Bought a potion of haste for 120 gold pieces
  8955 | D        | Identified Roxanne's Compendium of Stones
  8955 | D        | Noticed Roxanne
  8977 | D        | Killed Roxanne
  8978 | D        | Reached skill level 23 in Fighting
  9049 | D        | Found Lawn's Distillery.
  9097 | D        | Bought a potion of heal wounds for 65 gold pieces
  9128 | D        | Received a gift from Trog
  9214 | D        | Received a gift from Trog
  9229 | D        | Identified the +0 pair of gloves of Lengeed {rN+ Str-5
                  | Int+2}
  9229 | D        | Noticed Nikola
  9229 | D        | Noticed a storm dragon
  9233 | D        | Killed a storm dragon
  9243 | D        | Killed Nikola
  9418 | D        | Received a gift from Trog
  9452 | D        | Noticed Mara
  9460 | D        | Noticed mhtbhm's illusion
  9469 | D        | Killed Mara
  9506 | D        | Reached XP level 16. HP: 128/159 MP: 16/16
  9587 | D        | Noticed an ancient champion
  9606 | D        | Killed an ancient champion
  9606 | D        | Received a gift from Trog
  9607 | D        | Reached skill level 24 in Fighting
  9797 | D        | Noticed Boris
  9820 | D        | Killed Boris
  9820 | D        | Received a gift from Trog
 10242 | D        | Received a gift from Trog
 10253 | D        | Received a gift from Trog
 10318 | D        | Noticed an Executioner
 10326 | D        | Killed an Executioner
 10355 | D        | Noticed Nessos
 10371 | D        | Killed Nessos
 10387 | D        | Gained mutation: Your body sometimes deteriorates upon
                  | taking damage. [a shining eye]
 10389 | D        | Paralysed by a floating eye for 2 turns
 10396 | D        | Identified the +1 halberd "Suttyelo" {flame, SInv} (Trog
                  | gifted it to you in the Dungeon)
 10396 | D        | Received a gift from Trog
 10397 | D        | Paralysed by a floating eye for 4 turns
 10405 | D        | Reached skill level 25 in Fighting
 10439 | D        | Noticed a deep elf blademaster
 10439 | D        | Noticed a deep elf blademaster
 10439 | D        | Noticed a deep elf blademaster
 10440 | D        | Noticed a deep elf blademaster
 10440 | D        | Noticed a deep elf blademaster
 10440 | D        | Noticed a deep elf blademaster
 10465 | D        | Killed a deep elf blademaster
 10470 | D        | Killed a deep elf blademaster
 10472 | D        | Killed a deep elf blademaster
 10475 | D        | Killed a deep elf blademaster
 10487 | D        | Killed a deep elf blademaster
 10489 | D        | Killed a deep elf blademaster
 10489 | D        | Received a gift from Trog
 10607 | D        | Paralysed by a Zot trap for 3 turns
 10761 | D        | Bought a scroll of identify for 24 gold pieces
 10761 | D        | Bought a scroll of identify for 24 gold pieces
 10761 | D        | Bought a scroll of identify for 24 gold pieces
 10761 | D        | Bought a scroll of identify for 24 gold pieces
 10797 | D        | Lost mutation: You possess an exceptional clarity of mind.
                  | [potion of mutation]
 10797 | D        | Lost mutation: You passively map a small area around you.
                  | [potion of mutation]
 10797 | D        | Gained mutation: You tend to lose your temper in combat.
                  | [potion of mutation]
 10797 | D        | Gained mutation: You have a pair of small horns on your
                  | head. [potion of mutation]
 10797 | D        | Gained mutation: You are resistant to electric shocks.
                  | (rElec) [potion of mutation]
 10798 | D        | Lost mutation: You are covered in fur. (AC +1) [potion of
                  | mutation]
 10798 | D        | Lost mutation: You have a pair of small horns on your head.
                  | [potion of mutation]
 10798 | D        | Lost mutation: You have sharp toenails. [potion of
                  | mutation]
 10798 | D        | Gained mutation: You are clumsy. (Dex -2) [potion of
                  | mutation]
 10799 | D        | Lost mutation: You are clumsy. (Dex -2) [potion of
                  | mutation]
 10799 | D        | Lost mutation: Your body sometimes deteriorates upon taking
                  | damage. [potion of mutation]
 10799 | D        | Gained mutation: Your muscles are strong. (Str +2) [potion
                  | of mutation]
 10990 | D        | Killed a deep elf master archer
 10995 | D        | Received a gift from Trog
 11391 | D        | Identified the amulet "Qiaddunge" {Reflect rElec rPois rF-
                  | SH+5}
 11450 | D        | Acquired 789 gold pieces
 11454 | D        | Acquired a manual of Armour
 11714 | D        | Found a blossoming altar of Fedhas.
 11718 | D        | Received a gift from Trog
 11777 | D        | Identified the +6 flail of War {protect, rF+ rN+}
 11967 | D        | Noticed Frederick
 11988 | D        | Killed Frederick
 11988 | D        | Received a gift from Trog
 11989 | D        | Reached skill level 26 in Fighting
 12059 | D        | Noticed a lich
 12066 | D        | Killed a lich
 12103 | D        | Noticed a shadow dragon
 12103 | D        | Noticed a shadow dragon
 12118 | D        | Killed a shadow dragon
 12119 | D        | Reached XP level 17. HP: 141/171 MP: 17/17
 12123 | D        | Killed a shadow dragon
 12124 | D        | Reached skill level 1 in Shields
 12125 | D        | Received a gift from Trog
 12217 | D        | Noticed a shadow dragon
 12217 | D        | Noticed a titan
 12217 | D        | Noticed a titan
 12218 | D        | Noticed a quicksilver dragon
 12233 | D        | Received a gift from Trog
 12257 | D        | Killed a titan
 12257 | D        | Received a gift from Trog
 12293 | D        | Reached skill level 27 in Fighting
 12293 | D        | Reached skill level 5 in Shields
 12312 | D        | Killed a shadow dragon
 12312 | D        | Received a gift from Trog
 12320 | D        | Killed a quicksilver dragon
 12335 | D        | Received a gift from Trog
 12357 | D        | Killed a titan
 12362 | D        | Reached skill level 10 in Shields
 12373 | D        | Found the +6 lightning scales {swift, rElec}
 12402 | D        | Got a silver rune of Zot
 12424 | D        | Identified the ring "Xieti" {Will+++ AC+4 Int+2 Dex+3
                  | Stlth-}
 12435 | D        | Identified the +0 robe of Nufoot {Rampage Will+ Archmagi}
 12450 | D        | Acquired a manual of Shields
 12595 | D        | Received a gift from Trog
 12845 | D        | Noticed Nellie
 12873 | D        | Killed Nellie
 12881 | D        | Got a demonic rune of Zot
 13043 | D        | Gained mutation: Your magical capacity is low. (-10% MP)
                  | [mutagenic glow]
 13047 | D        | Noticed an acid blob
 13047 | D        | Noticed an acid blob
 13059 | D        | Killed an acid blob
 13059 | D        | Received a gift from Trog
 13064 | D        | Killed an acid blob
 13067 | D        | Reached skill level 15 in Shields
 13123 | D        | Noticed an acid blob
 13123 | D        | Noticed an acid blob
 13123 | D        | Gained mutation: Your system is resistant to poisons.
                  | (rPois) [a shining eye]
 13138 | D        | Killed an acid blob
 13142 | D        | Killed an acid blob
 13222 | D        | Found a viscous altar of Jiyva.
 13222 | D        | Noticed the Royal Jelly
 13229 | D        | Noticed an acid blob
 13229 | D        | Noticed an acid blob
 13229 | D        | Noticed an acid blob
 13230 | D        | Noticed an acid blob
 13236 | D        | Killed an acid blob
 13245 | D        | Killed an acid blob
 13250 | D        | Killed an acid blob
 13255 | D        | Killed an acid blob
 13257 | D        | Noticed an acid blob
 13260 | D        | Noticed an acid blob
 13261 | D        | Killed the Royal Jelly
 13263 | D        | HP: 11/261 [drowned by a quicksilver ooze[the Royal Jelly]
                  | (3)]
 13266 | D        | Slain by a quicksilver ooze

Illustrated notes

Levels and vault maps discovered:
D:        dungeon_sprint_mu [sprint_mu_entry_cave, sprint_mu_temple_rooms,
          sprint_mu_d1_horrors, sprint_mu_d2_genie, sprint_mu_d3_branching,
          sprint_mu_orc_legion, sprint_mu_elf_gauntlet, sprint_mu_hive_nellie,
          sprint_mu_lair_fedhas, sprint_mu_vaults_butterflies,
          sprint_mu_slime_circle, sprint_mu_shoals_archi,
          sprint_mu_snake_twists, sprint_mu_blade_basic,
          sprint_mu_crypt_chambers, sprint_mu_tomb_spiral,
          sprint_mu_vestibule_basic, sprint_mu_gehenna_hellfire,
          sprint_mu_dis_giant, sprint_mu_tartarus_statrot,
          sprint_mu_cocytus_islands, sprint_mu_zot1]

Skill      XL: |  1  2  3  4  5  6  7  8  9 10 11 12 13 14 15 16 17 |
---------------+----------------------------------------------------+-----
Fighting       | 4 5 6 7 9 10 11 12 14 16 18 19 21 23 26 27 | 27.0
Axes           | 4 5 6 7 10 11 13 14 16 19 | 19.1
Armour         | 3 4 5 7 10 12 14 17 22 26 | 26.6
Dodging        | 3 4 5 6 7 8 10 11 12 13 | 13.3
Stealth        | 1 2 4 5 6 7 |  7.3
Evocations     | 1 4 |  4.4
Polearms       | 9 16 20 24 26 | 26.7
Shields        | 18 | 18.7

Action                   |  1- 3 |  4- 6 |  7- 9 | 10-12 | 13-15 | 16-18 || total
-------------------------+-------+-------+-------+-------+-------+-------++-------
Melee: Hand axe          |    11 |    21 |   103 |    40 |       |       ||   175
       Kick              |       |     6 |       |       |       |       ||     6
       Punch             |       |       |     2 |     3 |    12 |     2 ||    19
       War axe           |       |       |       |    61 |       |       ||    61
       Battleaxe         |       |       |       |   125 |       |       ||   125
       Lance             |       |       |       |    89 |   723 |   552 ||  1364
Invok: Berserk           |     2 |     2 |     5 |    13 |    12 |    11 ||    45
       Trog's Hand       |       |       |       |       |     1 |     2 ||     3
       Brothers in Arms  |       |       |       |       |     1 |     6 ||     7
Evoke: Phantom mirror    |       |       |     1 |     1 |       |     4 ||     6
       Wand              |       |       |       |       |       |     4 ||     4
  Use: Potion            |       |     2 |       |     3 |       |     5 ||    10
       Scroll            |       |       |       |       |     2 |    21 ||    23
 Stab: Sleeping          |       |       |     1 |     4 |     6 |       ||    11
       Distracted        |       |       |       |       |     1 |     4 ||     5
Armor: Animal skin       |     1 |     1 |    18 |     3 |       |       ||    23
       Scale mail        |       |       |       |    36 |    44 |       ||    80
       Gold dragon scale |       |       |       |       |   157 |   259 ||   416
Dodge: Dodged            |     6 |    10 |    47 |   106 |   164 |   101 ||   434
Block: Tower shield      |       |       |       |       |       |   204 ||   204
       Reflection        |       |       |       |       |       |     6 ||     6

Table legend: (Time is in decaauts) A = Elapsed time spent in this place. B = Non-inter-level travel time spent in this place. C = Inter-level travel time spent in this place. D = Time resting spent in this place. E = Time spent auto-exploring this place. F = Levels seen in this place. G = Mean time per level. A B C D E F G +--------+--------+--------+--------+--------+-----+--------+ Total | 12969 | 12889 | 80 | 7605 | 654 | 1 | 12969.0 | Dungeon | 12969 | 12889 | 80 | 7605 | 654 | 1 | 12969.0 | +--------+--------+--------+--------+--------+-----+--------+

Top non-repeatable levels by time:
       D: 12969 daAuts
